 Dungeon Crawl Stone Soup version 0.16.1-4-g8e1b745 (webtiles) character file.

115 xsansara the Insei (level 5, -3/33 HPs)
             Began as an Octopode Transmuter on Mar 27, 2015.
             Was an Initiate of Gozag.
             Slain by a phantom (4 damage)
             ... on level 3 of the Dungeon.
             The game lasted 00:09:55 (3107 turns).

xsansara the Insei (Octopode Transmuter)            Turns: 3107, Time: 00:09:55

Health: -3/33      AC:  1    Str:  9    XL:     5   Next: 0%
Magic:  9/9        EV:  9    Int: 16    God:    Gozag
Gold:   50         SH:  6    Dex: 13    Spells: 2 memorised, 4 levels left

rFire  . . .     SeeInvis .       - Unarmed
rCold  . . .     Clarity  .     t - +0 shield
rNeg   . . .     SustAb   .     (helmet restricted)
rPois  .         Gourm    .     (no amulet)
rElec  .         Spirit   .     (no ring)
rCorr  .         Warding  .     (no ring)
rMut   .         Stasis   .     (no ring)
MR     .....                    (no ring)
Stlth  ++++......               (no ring)
                                (no ring)
                                (no ring)
                                (no ring)

@: not resistant to hostile enchantments, stealthy
A: almost no armour, amphibious, 8 rings, constrict 8, camouflage 1, gelatinous
body 1
a: Potion Petition, Call Merchant, Bribe Branch, Renounce Religion


You were on level 3 of the Dungeon.
You worshipped Gozag.
Gozag was noncommittal.
You were not hungry.

You visited 1 branch of the dungeon, and saw 3 of its levels.

You collected 129 gold pieces.
You paid 79 gold pieces to Gozag.

Inventory:

Missiles
 b - 61 arrows
 j - 4 tomahawks (quivered)
Armour
 t - a +0 shield (worn)
Scrolls
 a - a scroll of fear {unknown}
 c - a scroll of teleportation {unknown}
 e - a scroll of fog {unknown}
 g - 2 scrolls of remove curse
 i - a scroll of enchant weapon
 k - a scroll of noise {unknown}
 m - a scroll of amnesia {unknown}
 n - a scroll of recharging
 p - 2 scrolls of identify {unknown}
 r - a scroll of magic mapping {unknown}
Potions
 h - 2 potions of haste {unknown}
 l - a potion of brilliance {unknown}
 q - a potion of heal wounds {unknown}
Books
 d - a book of Changes

   Spells                             Type                      Level
   a - Beastly Appendage              Transmutation                1
   b - Sticks to Snakes               Transmutation                2
   c - Spider Form                    Transmutation/Poison         3
   d - Ice Form                       Ice/Transmutation            4
   e - Blade Hands                    Transmutation                5
Comestibles
 f - a beef jerky
 o - 3 meat rations
 s - a slice of pizza


   Skills:
 - Level 1.0 Fighting
 - Level 2.0 Dodging
 + Level 3.4 Stealth
 - Level 3.6 Unarmed Combat
 - Level 2.0 Spellcasting
 + Level 3.0 Transmutations
 + Level 2.2 Poison Magic


You had 4 spell levels left.
You knew the following spells:

 Your Spells              Type           Power        Failure   Level  Hunger
a - Beastly Appendage     Trmt           ##....       41%         1    #......
b - Spider Form           Trmt/Pois      ##........   98%         3    ###....


Dungeon Overview and Level Annotations

Branches:
Dungeon (3/15)

Altars:
Gozag


Innate Abilities, Weirdness & Mutations

You cannot wear most types of armour.
You are amphibious.
You can wear up to eight rings at the same time.
You can use your tentacles to constrict many enemies at once.
Your skin changes colour to match your surroundings (Stealth).
Your rubbery body absorbs attacks (AC +1).


Message History

The phantom is heavily damaged.
You block the phantom's attack.
You closely miss the phantom.
The phantom is heavily damaged.
The phantom hits you.
Your shield prevents you from hitting the phantom.
The phantom is heavily damaged.
The phantom hits you.
You tentacle-slap the phantom.
The phantom is severely damaged.
The phantom hits you!
* * * LOW HITPOINT WARNING * * *
You are too injured to fight recklessly!
You are too injured to fight recklessly!
You are too injured to fight recklessly!
You closely miss the phantom. Your squeeze misses the phantom.
The phantom is heavily damaged.
The phantom hits you.
You die...
Your body crumbles into a pile of gold.

.....#...................#.......
......#...#...#...#...#..#......#
........................_#......#
..†...#...#...#...#..)#..#...##.#
.........................#...##.#
..)...####################...####
........##.###...#...###.....####
##########?........$...l.####....
######.@W######......... #...#
+......... #...# #......... #...#
#......... ...... +.........
...>.... #......... .....####
#......... .....## ##.........
.....# #<.......##


You could see a phantom and a giant gecko (wandering).

Vanquished Creatures
  Robin (D:3)
  3 adders
  3 worms
  A giant mite (D:3)
  A giant gecko (D:3)
  2 giant cockroaches
  10 goblins
  8 hobgoblins
  A ball python (D:3)
  7 bats
  4 giant newts
  8 kobolds
  2 quokkas (D:3)
  4 rats
  A plant (D:1)
56 creatures vanquished.

Notes
Turn   | Place    | Note
--------------------------------------------------------------
     0 | D:1      | xsansara, the Octopode Transmuter, began the quest for the Orb.
     0 | D:1      | Reached XP level 1. HP: 13/13 MP: 3/3
   408 | D:1      | Reached skill level 1 in Stealth
   553 | D:1      | Reached XP level 2. HP: 18/18 MP: 4/4
  1340 | D:2      | Reached XP level 3. HP: 23/23 MP: 4/6
  1380 | D:2      | Learned a level 3 spell: Spider Form
  2172 | D:3      | Noticed Robin
  2175 | D:3      | Reached skill level 1 in Poison Magic
  2184 | D:3      | Killed Robin
  2184 | D:3      | Reached XP level 4. HP: 17/28 MP: 4/7
  2805 | D:3      | Found an opulent altar of Gozag.
  2814 | D:3      | Became a worshipper of Gozag Ym Sagoz the Greedy
  3073 | D:3      | Noticed a phantom
  3074 | D:3      | Reached XP level 5. HP: 33/33 MP: 9/9
  3106 | D:3      | HP: 1/33 [phantom (10)]
  3107 | D:3      | Slain by a phantom

Action                   |  1- 3 |  4- 6 || total
-------------------------+-------+-------++-------
Melee: Unarmed           |    92 |    61 ||   153
 Cast: Beastly Appendage |    10 |     1 ||    11
       Spider Form       |     1 |     5 ||     6
  Use: Scroll            |     3 |       ||     3
 Stab: Sleeping          |     8 |     3 ||    11
       Distracted        |       |     1 ||     1
  Eat: Bread ration      |     1 |       ||     1
       Chunk             |       |     2 ||     2
       Beef jerky        |       |     1 ||     1
